 Dungeon Crawl Stone Soup version 0.29-a0-266-gf56f883ddd (webtiles) character file.

Game seed: 12863724560862503185

79 fragbeetle the Chopper (level 4, -10/23 HPs)
             Began as a Vine Stalker Fighter on Mar 6, 2022.
             Mangled by an ogre
             ... wielding a +0 giant spiked club
              (20 damage)
             ... on level 3 of the Dungeon.
             The game lasted 00:02:41 (2330 turns).

fragbeetle the Chopper (Vine Stalker Fighter)       Turns: 2330, Time: 00:02:42

Health: -10/23     AC:  9    Str: 21    XL:     4   Next: 37%
Magic:  0/5        EV:  7    Int:  8    God:
Gold:   150        SH:  4    Dex: 13    Spells: 3/3 levels left

rFire   . . .      SeeInvis .   a - +0 war axe
rCold   . . .      Faith    .   c - +0 buckler
rNeg    . . .      Spirit   +   e - +0 chain mail
rPois   .          Reflect  .   (no helmet)
rElec   .          Harm     .   i - +0 cloak
rCorr   .          Rampage  .   (no gloves)
Will    .....                   (no boots)
Stlth   ..........              (no amulet)
HPRegen 0.87/turn               m - ring of wizardry
MPRegen 0.09/turn               (no ring)

@: no status effects
A: fangs 2, regeneration 1, magic shield, antimagic bite, no potion heal 2
a: no special abilities


You were on level 3 of the Dungeon.
You visited 1 branch of the dungeon, and saw 3 of its levels.

You collected 150 gold pieces.

Inventory:

Hand Weapons
 a - a +0 war axe (weapon)
Armour
 b - a +0 scale mail
 c - a +0 buckler (worn)
 e - a +0 chain mail (worn)
 i - a +0 cloak (worn)
Jewellery
 m - a ring of wizardry (left hand)
 n - an amulet of reflection
Scrolls
 f - 5 scrolls of identify {unknown}
 h - a scroll of enchant armour {unknown}
 l - a scroll of fear {unknown}
 o - a scroll of summoning {unknown}
 q - a scroll of magic mapping {unknown}
Potions
 d - a potion of might
 g - a potion of attraction {unknown}
 j - a potion of mutation {unknown}
 k - a potion of lignification {unknown}
 p - a potion of brilliance {unknown}


   Skills:
 - Level 2.6 Fighting
 + Level 4.1 Axes
 - Level 2.4 Armour
 - Level 2.6 Shields


You had 3 spell levels left.
You didn't know any spells.
Your spell library contained the following spells:

 Spells                   Type           Power      Damage    Failure   Level
 Animate Dead             Necr           0%         N/A       100%        4
 Haunt                    Necr/Summ      0%         N/A       100%        7
 Infestation              Necr           0%         N/A       100%        8


Dungeon Overview and Level Annotations

Branches:
Dungeon (3/15)

Altars:


Innate Abilities, Weirdness & Mutations

You have extremely sharp teeth.
Your natural rate of healing is unusually fast.
When hurt, damage is shared between your health and your magic reserves.
Your bite disrupts and absorbs the magic of your enemies.
Potions cannot restore your health.


Message History

You now have 150 gold pieces (gained 6).
A dart slug comes into view.
You slash the dart slug!
You kill the dart slug!
No target in view!
No target in view!
A bat comes into view.
You see here a dart slug corpse.
A bat is nearby!
The bat hits you but does no damage.
You hit the bat. You bite the bat.
You kill the bat!
No target in view!
Found a stone staircase leading down.
Found a hand axe.
You see here a +0 hand axe.
Found a ring mail.
An endoplasm comes into view.
The endoplasm quivers.
The endoplasm moves out of view.
No target in view!
An endoplasm is nearby!
An endoplasm is nearby!
The ogre shouts!
The endoplasm closely misses you.
You hit the endoplasm but do no damage. The endoplasm freezes you.
You are frozen.
The ball python hisses angrily.
You slash the endoplasm!
You kill the endoplasm!
The ogre hits you with a +0 giant spiked club!
Ouch! That really hurt!
You are too injured to fight recklessly!
You are too injured to fight recklessly!
You are too injured to fight recklessly!
You barely miss the ogre.
The ogre hits you with a +0 giant spiked club!!
Ouch! That really hurt!
You die...

#.# #.# #. #.#
#.####
#########.#
#.....
#.....O....
#.....
###O#####..
#..S.## #.# #)#
#....####.####O#
#.#
#..@O.....<..#
#.#
##.####.######
#.# #.## #.#
##.#.###.####
..#
#.###..[.....
###
#..#.###..... #
#.## ##.... #.#
#.# #.#### #.#.#


You could see an ogre and a ball python.

Vanquished Creatures
  An adder (D:2)
  3 dart slugs
  An orc (D:3)
  11 ball pythons
  4 endoplasms
  3 giant cockroaches
  7 goblins
  6 hobgoblins
  A jackal (D:1)
  A quokka (D:1)
  9 bats
  3 frilled lizards
  3 kobolds
  7 rats
60 creatures vanquished.

Notes
Turn   | Place    | Note
-------+----------+-------------------------------------------
     0 | D:1      | fragbeetle the Vine Stalker Fighter began the quest for the
                  | Orb.
     0 | D:1      | Reached XP level 1. HP: 11/11 MP: 2/2
    37 | D:1      | Reached skill level 2 in Axes
   504 | D:1      | Reached XP level 2. HP: 16/16 MP: 3/3
   640 | D:1      | Reached skill level 3 in Axes
   646 | D:1      | Reached XP level 3. HP: 18/19 MP: 4/4
  1775 | D:2      | Gained mutation: Your natural rate of healing is unusually
                  | fast. [Vine Stalker growth]
  1775 | D:2      | Reached XP level 4. HP: 19/23 MP: 5/5
  2042 | D:3      | Reached skill level 4 in Axes
  2058 | D:3      | Found a faded altar of an unknown god.
  2060 | D:3      | Noticed an ogre
  2330 | D:3      | Mangled by an ogre

Illustrated notes

Levels and vault maps discovered:
D:1:      sevenhm_arrival_forest_fort_large_4, layout_basic, minmay_nonomino_d4
D:2:      layout_loops_ring
D:3:      layout_loops_ring, basic_ecumenical_altar, serial_shops,
          nicolae_shop_statue_plus, uniq_crazy_yiuf_cottage

Skill      XL: |  1  2  3  4 |
---------------+-------------+-----
Axes           | 2 3 4 |  4.1
Fighting       | |  2.6
Armour         | |  2.4
Shields        | |  2.6

Action                   |  1- 3 |  4- 6 || total
-------------------------+-------+-------++-------
Melee: War axe           |   111 |    18 ||   129
       Bite              |    20 |     6 ||    26
Armor: Chain mail        |    91 |     8 ||    99
       Scale mail        |     2 |       ||     2
Dodge: Dodged            |    48 |     2 ||    50
Block: Buckler           |    24 |     3 ||    27

Table legend: (Time is in decaauts)
 A = Elapsed time spent in this place.
 B = Non-inter-level travel time spent in this place.
 C = Inter-level travel time spent in this place.
 D = Time resting spent in this place.
 E = Time spent auto-exploring this place.
 F = Levels seen in this place.
 G = Mean time per level.
                   A        B        C        D        E       F      G
               +--------+--------+--------+--------+--------+-----+--------+
         Total |   2380 |   2213 |    167 |      0 |   1813 |   3 |  793.3 |
       Dungeon |   2380 |   2213 |    167 |      0 |   1813 |   3 |  793.3 |
               +--------+--------+--------+--------+--------+-----+--------+

Top non-repeatable levels by time:
     D:1: 1181 daAuts
     D:2: 918 daAuts
     D:3: 281 daAuts
